 Dungeon Crawl Stone Soup version 0.25-a0-353-ged6d54792d (webtiles) character file.

Game seed: 5885218959473250152, levelgen mode: deterministic

158087 Flugkiller the Spry (level 17, -11/193 HPs)
             Began as an Octopode Wanderer on Jan 1, 2020.
             Was a High Priest of Trog.
             Killed from afar by a nagaraja (45 damage)
             ... with a poison arrow
             ... on level 4 of the Snake Pit.
             The game lasted 00:57:34 (43552 turns).

Flugkiller the Spry (Octopode Wanderer)            Turns: 43552, Time: 00:57:34

Health: -11/193    AC:  3    Str: 25    XL:     17   Next: 71%
Magic:  8/8        EV: 31    Int: 12    God:    Trog [*****.]
Gold:   1338       SH: 17    Dex: 22    Spells: 18/18 levels left

rFire    . . .     SeeInvis +   N - +7 demon trident (antimagic)
rCold    + . .     Gourm    .   F - +0 shield
rNeg     + . .     Faith    .   J - +2 hat {MR+}
rPois    .         Spirit   .   X - +4 amulet of reflection
rElec    .         Reflect  +   j - ring of protection from fire
rCorr    .         Harm     .   g - ring of positive energy
MR       +++..                  b - +2 ring of evasion
Stlth    ..........             R - ring of see invisible
HPRegen  0.42/turn              U - +4 ring of strength
MPRegen  0.11/turn              S - ring "Femin" {Ice Dex+6 SInv}
                                V - ring of stealth
                                H - ring of protection from magic

@: berserking, lethally poisoned (-11 -> -46), very quick
A: almost no armour, stealthy swim, amphibious, 8 rings, constrict 8, camouflage
1, gelatinous body 1
a: Berserk, Trog's Hand, Brothers in Arms, Renounce Religion


You were on level 4 of the Snake Pit.
You worshipped Trog.
Trog was extremely pleased with you.
You were not hungry.

You visited 4 branches of the dungeon, and saw 27 of its levels.
You visited 1 bazaar.
You also visited: Bailey.

You collected 2938 gold pieces.
You spent 1600 gold pieces at shops.

Inventory:

Hand Weapons
 L - the +7 trident "Xocephy" {vamp, *Corrode rElec Int+4 Stlth+}
   (You found it on level 9 of the Dungeon)

   It inflicts no extra harm, but heals its wielder when it wounds a living foe.
   It affects your intelligence (+4).
   It insulates you from electricity.
   It may corrode you when you take damage.
   It makes you more stealthy.
 N - a +7 antimagic demon trident (weapon)
   (Trog gifted it to you on level 5 of the Lair of Beasts)
Missiles
 a - 18 poisoned darts (quivered)
 k - 3 throwing nets
 Y - 8 curare-tipped darts
Armour
 F - a +0 shield (worn)
   (You found it on level 8 of the Dungeon)
 J - a +2 hat of magic resistance (worn)
   (You took it off Gastronok on level 1 of the Orcish Mines)
Jewellery
 b - a +2 ring of evasion (on tentacle)
   (You found it on level 1 of the Snake Pit)
 g - a ring of positive energy (right tentacle)
   (You found it on level 2 of the Dungeon)
 j - a ring of protection from fire (left tentacle)
   (You found it on level 1 of the Dungeon)
 H - a ring of protection from magic (on tentacle)
   (You found it on level 5 of the Lair of Beasts)
 R - a ring of see invisible (on tentacle)
   (You found it on level 1 of the Lair of Beasts)
 S - the ring "Femin" (on tentacle) {Ice Dex+6 SInv}
   (You found it in a bailey)

   [ring of ice]

   It enhances your ice magic.
   It affects your dexterity (+6).
   It makes you vulnerable to fire.
   It protects you from cold.
   It lets you see invisible.
 U - a +4 ring of strength (on tentacle)
   (You found it on level 3 of the Lair of Beasts)
 V - a ring of stealth (on tentacle)
   (You found it on level 4 of the Lair of Beasts)
 X - a +4 amulet of reflection (around mantle)
   (You found it on level 5 of the Lair of Beasts)
Wands
 c - a wand of acid (31)
   (You took it off an orc on level 12 of the Dungeon)
 v - a wand of clouds (2)
   (You found it on level 14 of the Dungeon)
 y - a wand of polymorph (22)
   (You found it on level 10 of the Dungeon)
 z - a wand of iceblast (16)
   (You bought it in a shop in a bazaar)
 B - a wand of disintegration (14)
   (You found it on level 11 of the Dungeon)
 D - a wand of flame (28)
   (You found it on level 6 of the Dungeon)
 E - a wand of scattershot (8)
   (You found it on level 1 of the Lair of Beasts)
 I - a wand of paralysis (2)
   (You found it in a bailey)
 T - a wand of digging (10)
   (You found it on level 4 of the Lair of Beasts)
Scrolls
 d - 18 scrolls of remove curse
 h - 4 scrolls of enchant armour
 i - 5 scrolls of fog
 o - a scroll of magic mapping
 s - 8 scrolls of identify
 w - 2 scrolls of immolation
 C - 8 scrolls of teleportation
 K - 2 scrolls of holy word
 Q - 2 scrolls of torment
Potions
 e - 2 potions of mutation
 l - a potion of invisibility
 m - 3 potions of lignification
 n - 6 potions of curing
 p - a potion of ambrosia
 q - 4 potions of heal wounds
 r - 3 potions of agility
 t - a potion of cancellation
 u - 6 potions of haste
 x - a potion of experience {unknown}
 A - 3 potions of brilliance
 G - 6 potions of might
 P - a potion of flight {unknown}
Miscellaneous
 M - a phantom mirror
 Z - a lamp of fire
   (You found it on level 6 of the Lair of Beasts)
Comestibles
 f - 30 rations


   Skills:
 - Level 16.0 Fighting
 - Level 14.0 Polearms
   Level 2.0 Bows
 - Level 1.0 Throwing
 + Level 17.5 Dodging
 - Level 4.0 Stealth
 - Level 10.1 Shields
 - Level 1.1 Spellcasting
   Level 4.0 Air Magic
 - Level 10.0 Evocations


You had 18 spell levels left.
You didn't know any spells.
Your spell library contained the following spells:

 Spells                   Type           Power        Failure   Level  Hunger
 Shock                    Conj/Air       #...         24%         1    ##.....
 Swiftness                Chrm/Air       #.......     36%         2    ###....
 Sandblast                Erth           #.....       50%         1    ##.....
 Static Discharge         Conj/Air       #.......     58%         3    ####...
 Airstrike                Air            ##........   71%         4    #####..
 Stone Arrow              Conj/Erth      #.....       86%         3    ####...
 Lightning Bolt           Conj/Air       #.........   100%        5    ######.


Dungeon Overview and Level Annotations

Branches:
Dungeon (15/15)            Temple (0/1) D:5            Lair (6/6) D:10
 Shoals (0/4) Lair:4        Snake (4/4) Lair:2        Slime (0/5) Lair:6
    Orc (2/2) D:9             Elf (0/3) Orc:2        Vaults (0/5) D:14
 Depths (0/5) D:15         Bailey (visited)

Altars:
Ashenzari
Cheibriados
Dithmenos
Nemelex Xobeh
Okawaru
Ru
Trog
Uskayaw
Yredelemnul
The Shining One
Jiyva

Shops:
D:6 }   D:11 (=*:   D:14 =   Orc:2 !}%[

Annotations:
D:2 exclusions: adder and 2 doors
D:3 1 runed translucent door, Crazy Yiuf
D:5 3 runed translucent doors, pk666's ghost, novice DEWz
D:6 1 runed translucent door
D:11 Urug
Lair:1 exclusion: 3 oklob plants
Snake:2 exclusions: naga mage and naga sharpshooter
Snake:4 2 exclusions


Innate Abilities, Weirdness & Mutations

You cannot wear most types of armour.
You are very stealthy in the water. (Stealth+)
You are amphibious.
You can wear up to eight rings at the same time.
You can use your tentacles to constrict eight enemies at once.
Your skin changes colour to match your surroundings (Stealth+).
Your rubbery body absorbs attacks. (AC +1, EV +1)


Message History

You feel sick. The anaconda grabs you. You block the anaconda's attack.
The anaconda constricts you.
You hit the anaconda but do no damage.
The anaconda is lightly wounded.
The anaconda misses you. The anaconda constricts you.
The anaconda completely misses you. The anaconda constricts you.
You hit the anaconda. Your squeeze misses the anaconda.
The anaconda is lightly wounded.
The anaconda misses you. The anaconda constricts you.
You hit the anaconda. Your squeeze misses the anaconda.
The anaconda is lightly wounded.
You feel sick. The anaconda completely misses you. The anaconda constricts you.
You puncture the anaconda! Your squeeze misses the anaconda.
The anaconda is moderately wounded.
The anaconda barely misses you. The anaconda constricts you.
A red film seems to cover your vision as you go berserk!
You feel yourself moving faster!
You feel mighty!
You feel a lot more hungry.
You feel sick. The anaconda completely misses you. The anaconda constricts you.
The nagaraja spits poison at you.
The splash of poison reflects off an invisible shield around you!
The splash of poison hits the anaconda!
The anaconda is poisoned.
The anaconda bites you! The anaconda constricts you.
The nagaraja hits you but does no damage.
You impale the anaconda!! You squeeze the anaconda.
You kill the anaconda!
Trog accepts your kill. The nagaraja misses you.
The nagaraja barely misses you.
You closely miss the nagaraja. You block the nagaraja's attack. x2
You completely miss the nagaraja. You squeeze the nagaraja!
The nagaraja is lightly wounded.
The nagaraja gestures at you while chanting.
The lance of force hits you!!
* * * LOW HITPOINT WARNING * * *
You are knocked back by the lance of force.
You slam into the rock wall!
* * * LOW HITPOINT WARNING * * *
You feel sick. The nagaraja casts a spell at you. The poison arrow hits you!
You are more poisoned.
* * * LOW HITPOINT WARNING * * *
You impale the nagaraja!!
The nagaraja's magic leaks into the air.
You squeeze the nagaraja!
The nagaraja is heavily wounded.
You feel sick.
The nagaraja points at you and mumbles some strange words.
The poison arrow hits you!!!
You are lethally poisoned!
You die...

...##..........#...............#
####*......#...........#########
,,,,***#.............).#
(S,,,,**,#...........))#
#*,,,,,*,##.........#### #
,,,,*,*#.........# #
,,**,*##......### ***..(#...#..#
*****#......@.# *,** ##...#N.##
*,,** #......# **,,* #......#
*,,**###....# **,,***#.#..#
*,,**,..#..#****
**,,,.......,,,* *,**,,,,,,,,,,*


You could see a nagaraja.

Vanquished Creatures
  Jorgrun (Orc:1)
  Gastronok (Orc:1)
  Agnes (D:15)
  5 nagarajas
  Aizul (Snake:2)
  An ettin (D:15)
  4 vault guards (D:14)
  7 naga warriors
  5 hydras
  Fannar (Orc:1)
  22 anacondas
  3 ogre magi
  4 centaur warriors
  13 two-headed ogres
  A tengu warrior (D:15)
  11 naga sharpshooters
  9 shock serpents
  Nergalle (D:11)
  4 skeletal warriors (D:13)
  2 unseen horrors
  2 deep trolls (Orc:2)
  5 naga ritualists
  5 orc knights
  Pikel (D:9)
  A wolf spider zombie (D:15)
  8 mana vipers
  21 ugly things
  3 orc sorcerers
  4 cyclopes
  5 salamanders
  4 deep elf magi
  2 manticores
  6 guardian serpents
  13 naga magi
  36 black mambas
  A gargoyle (D:11)
  10 spiny frogs
  A yaktaur (D:15)
  3 rime drakes
  4 komodo dragons
  11 trolls
  3 meliai (D:13)
  3 hornets (Lair:6)
  6 polar bears
  Grinder (D:5)
  3 slime creatures (D:14)
  2 dream sheep (Lair:6)
  9 hippogriffs
  5 blink frogs (Lair:6)
  A shadow (D:12)
  A vampire (D:14)
  10 spriggans
  Eustachio (D:5)
  20 yaks
  4 wyverns
  2 basilisks
  2 wraiths (D:15)
  A hungry ghost (D:13)
  3 vampire mosquitoes (D:15)
  50 nagas
  A warg (Orc:2)
  24 water moccasins
  9 porcupines
  26 orc warriors
  An eye of draining (D:13)
  9 black bears
  2 ice beasts (D:6)
  A sky beast (D:7)
  6 phantoms
  21 wolves
  5 boggarts (Lair:6)
  27 ogres
  10 centaurs
  9 crocodiles
  A big kobold (D:9)
  14 bullfrogs
  A wyvern zombie (D:7)
  A water moccasin zombie (D:7)
  6 scorpions
  3 killer bees
  10 wights
  3 howler monkeys
  4 electric eels (Lair:1)
  5 centaur zombies
  6 crimson imps
  8 hounds
  3 centaur skeletons
  A jelly (D:14)
  23 orc wizards
  13 orc priests
  Ijyb (D:3)
  A bullfrog skeleton (D:11)
  3 iguanas
  A human skeleton (D:6)
  Natasha (thrice) (D:3)
  13 worker ants
  A howler monkey zombie (D:9)
  28 adders
  5 shadow imps
  An adder skeleton (D:4)
  An adder zombie (D:5)
  5 worms
  2 dart slugs
  5 leopard geckos
  75 orcs
  6 bats
  7 giant cockroaches
  11 goblins
  8 hobgoblins
  11 jackals
  9 quokkas
  A ball python (Lair:2)
  A ball python skeleton (D:4)
  2 frilled lizards
  7 kobolds
  A quokka zombie (D:8)
  5 rats
837 creatures vanquished.

Vanquished Creatures (collateral kills)
  Snorg (Lair:6)
  A porcupine (Lair:5)
  A wolf (Lair:5)
3 creatures vanquished.

Vanquished Creatures (others)
  A centaur warrior (D:14)
  2 orc warriors (Bailey)
  An ogre (D:9)
  4 centaurs
  A bullfrog (D:14)
  A centaur skeleton (D:9)
  An orc (D:9)
  16 fungi (Lair:6)
  3 plants
30 creatures vanquished.

Grand Total: 870 creatures vanquished

Notes
Turn   | Place    | Note
-------+----------+-------------------------------------------
     0 | D:1      | Flugkiller the Octopode Wanderer began the quest for the
                  | Orb.
     0 | D:1      | Flugkiller set off with the following items: a +0 dagger,
                  | 12 poisoned darts, a ration; and the following spells
                  | available to memorise: Shock, Swiftness, Sandblast, Static
                  | Discharge, Airstrike, Stone Arrow, Lightning Bolt
     0 | D:1      | Reached XP level 1. HP: 13/13 MP: 2/2
     5 | D:1      | Learned a level 1 spell: Shock
   320 | D:1      | Reached XP level 2. HP: 14/18 MP: 3/3
   928 | D:2      | Reached XP level 3. HP: 5/23 MP: 1/4
  1365 | D:2      | Found a bloodstained altar of Trog.
  1606 | D:2      | Reached skill level 1 in Dodging
  1606 | D:2      | Reached XP level 4. HP: 18/29 MP: 5/5
  2047 | D:2      | Became a worshipper of Trog the Wrathful
  2070 | D:3      | Noticed Natasha
  2392 | D:3      | Found a shattered altar of Ashenzari.
  2452 | D:3      | Reached skill level 2 in Dodging
  2764 | D:3      | Reached skill level 3 in Dodging
  2764 | D:3      | Reached XP level 5. HP: 11/34 MP: 6/6
  3099 | D:3      | Killed Natasha
  3608 | D:3      | Noticed Natasha
  3613 | D:3      | Killed Natasha
  3613 | D:3      | Reached skill level 4 in Dodging
  3692 | D:3      | Noticed Natasha
  3704 | D:3      | Killed Natasha
  3704 | D:3      | Reached XP level 6. HP: 34/39 MP: 7/7
  3788 | D:3      | Reached skill level 5 in Dodging
  4087 | D:3      | Reached * piety under Trog
  4135 | D:3      | Found a runed translucent door.
  4136 | D:3      | Noticed Crazy Yiuf
  4206 | D:3      | Noticed Ijyb
  4261 | D:3      | Killed Ijyb
  4846 | D:4      | Reached XP level 7. HP: 40/47 MP: 8/8
  5445 | D:4      | Reached ** piety under Trog
  6166 | D:5      | Entered Level 5 of the Dungeon
  6296 | D:5      | Noticed Eustachio
  6312 | D:5      | Killed Eustachio
  6312 | D:5      | Reached skill level 5 in Fighting
  6312 | D:5      | Reached skill level 6 in Dodging
  6675 | D:5      | Found a staircase to the Ecumenical Temple.
  6728 | D:5      | Found a runed translucent gate.
  6728 | D:5      | Found a runed translucent gate.
  6728 | D:5      | Found a runed translucent gate.
  6735 | D:5      | Noticed pk666's ghost (novice DEWz)
  6745 | D:5      | Reached XP level 8. HP: 45/55 MP: 9/9
  6899 | D:5      | Noticed Grinder
  7050 | D:5      | Reached skill level 7 in Dodging
  7077 | D:5      | Killed Grinder
  7114 | D:5      | Reached skill level 8 in Dodging
  7377 | D:6      | Found Zacout's Gadget Shoppe.
  7817 | D:6      | Found a bloodstained altar of Trog.
  7818 | D:6      | Found a hide-covered altar of Uskayaw.
  7821 | D:6      | Found a snail-covered altar of Cheibriados.
  7879 | D:6      | Found a runed translucent door.
  7883 | D:6      | Found a basalt altar of Yredelemnul.
  7961 | D:6      | Reached XP level 9. HP: 62/62 MP: 10/10
  8771 | D:7      | Reached skill level 9 in Dodging
  8907 | D:7      | Found a sparkling altar of Nemelex Xobeh.
  9755 | D:8      | Reached skill level 10 in Dodging
 10121 | D:8      | Reached skill level 1 in Shields
 11047 | D:9      | Got a pitted trident
 11362 | D:9      | Reached XP level 10. HP: 52/71 MP: 11/11
 11472 | D:9      | Reached *** piety under Trog
 11472 | D:9      | Reached skill level 11 in Dodging
 11593 | D:9      | Reached skill level 1 in Evocations
 12548 | D:9      | Identified the +7 trident "Xocephy" {vamp, *Corrode rElec
                  | Int+4 Stlth+} (You found it on level 9 of the Dungeon)
 12665 | D:9      | Reached skill level 1 in Polearms
 12882 | D:9      | Noticed Pikel
 12889 | D:9      | Killed Pikel
 13042 | D:9      | Found a staircase to the Orcish Mines.
 13272 | D:10     | Entered Level 10 of the Dungeon
 13506 | D:10     | Reached skill level 5 in Evocations
 13660 | D:10     | Found a sacrificial altar of Ru.
 13842 | D:10     | Found a staircase to the Lair.
 14020 | D:11     | Noticed Nergalle
 14023 | D:11     | Found Seneoxos's Jewellery Emporium.
 14028 | D:11     | Killed Nergalle
 14028 | D:11     | Reached skill level 5 in Polearms
 14028 | D:11     | Reached XP level 11. HP: 77/77 MP: 14/14
 14051 | D:11     | Reached **** piety under Trog
 14313 | D:11     | Found Ciushro's General Store.
 14371 | D:11     | Found Yrchylod's Weapon Shop.
 14573 | D:11     | Found Qotis's Book Shop.
 14655 | D:11     | Noticed Urug
 15187 | Lair:1   | Entered Level 1 of the Lair of Beasts
 15813 | Lair:1   | Noticed an oklob plant
 15813 | Lair:1   | Noticed an oklob plant
 15813 | Lair:1   | Noticed an oklob plant
 16406 | Lair:2   | Found a staircase to the Snake Pit.
 16808 | Lair:2   | Noticed a seven-headed hydra
 16835 | Lair:2   | Killed a seven-headed hydra
 16835 | Lair:2   | Reached skill level 10 in Polearms
 17264 | Lair:2   | Reached XP level 12. HP: 28/82 MP: 15/15
 17268 | Lair:2   | HP: 4/82 [poisoned by a water moccasin]
 18266 | Lair:3   | Noticed a four-headed hydra
 18278 | Lair:3   | Killed a four-headed hydra
 19129 | Lair:4   | Found a staircase to the Shoals.
 19695 | Lair:5   | Reached ***** piety under Trog
 19695 | Lair:5   | Received a gift from Trog
 19762 | Lair:5   | Noticed a five-headed hydra
 19897 | Lair:5   | Killed a five-headed hydra
 20049 | Lair:5   | Noticed a four-headed hydra
 20080 | Lair:5   | HP: 4/84 [poisoned by a black mamba]
 20497 | Lair:5   | Reached skill level 5 in Shields
 21087 | Lair:5   | Got a translucent mace
 21235 | Lair:6   | Entered Level 6 of the Lair of Beasts
 21247 | Lair:6   | Reached XP level 13. HP: 82/89 MP: 5/16
 21585 | Lair:6   | Found a staircase to the Slime Pits.
 21585 | Lair:6   | Found a viscous altar of Jiyva.
 22842 | Lair:6   | Reached skill level 12 in Dodging
 23034 | Lair:6   | Noticed Snorg
 23046 | Lair:6   | Killed Snorg
 24233 | D:12     | Reached skill level 10 in Fighting
 24979 | D:12     | Received a gift from Trog
 24979 | D:12     | Reached XP level 14. HP: 85/99 MP: 5/17
 25623 | D:13     | Found a flagged portal.
 25636 | Bailey   | Entered a bailey
 26241 | Bailey   | Got a translucent lapis lazuli ring
 26242 | Bailey   | Identified the ring "Femin" {Ice Dex+6 SInv} (You found it
                  | in a bailey)
 26267 | Bailey   | Found the +4 moon troll leather armour {Spirit, Regen++
                  | MP+5}
 26827 | D:13     | Reached skill level 13 in Dodging
 26938 | D:13     | Got a bloodstained quarterstaff
 26939 | D:13     | Identified the +7 quarterstaff of Iniruny {freeze, MR+
                  | Dex+3 SInv Stlth+} (You found it on level 13 of the
                  | Dungeon)
 27543 | D:14     | Found a gate to the Vaults.
 28237 | D:14     | Found Ungiats's Jewellery Shop.
 28400 | D:14     | Received a gift from Trog
 28712 | D:14     | Reached skill level 10 in Shields
 29235 | D:15     | Entered Level 15 of the Dungeon
 29277 | D:14     | Reached XP level 15. HP: 78/108 MP: 6/20
 29359 | D:15     | Found a flickering gateway to a bazaar.
 29365 | Bazaar   | Entered a bazaar
 29365 | Bazaar   | Found Pecrulot's Book Shoppe.
 29365 | Bazaar   | Found Maho Xisi's Distillery.
 29369 | Bazaar   | Found Vueqom's Antique Weapon Shoppe.
 29383 | Bazaar   | Found Ittan's Gadget Emporium.
 29405 | Bazaar   | Bought a faintly glowing triple crossbow for 375 gold
                  | pieces
 29419 | Bazaar   | Bought a potion of haste for 120 gold pieces
 29419 | Bazaar   | Bought 2 potions of haste for 240 gold pieces
 29419 | Bazaar   | Bought a potion of haste for 120 gold pieces
 29419 | Bazaar   | Bought a potion of heal wounds for 60 gold pieces
 29423 | Bazaar   | Bought a wand of iceblast (11) for 225 gold pieces
 29423 | Bazaar   | Bought a wand of scattershot (5) for 405 gold pieces
 29433 | D:15     | Identified the +6 triple crossbow "Kego" {flame, rF+++ MR+}
                  | (You bought it in a shop in a bazaar)
 29516 | D:15     | Found a staircase to the Depths.
 29854 | D:15     | Noticed Agnes
 30335 | D:15     | Identified the +2 robe "Fakaud" {+Inv Regen+ rCorr}
 30365 | D:15     | Found a glowing golden altar of the Shining One.
 30564 | D:15     | Killed Agnes
 30564 | D:15     | Reached skill level 14 in Dodging
 30729 | Orc:1    | Entered Level 1 of the Orcish Mines
 30729 | Orc:1    | Noticed Jorgrun
 30735 | Orc:1    | Killed Jorgrun
 30743 | Orc:1    | Received a gift from Trog
 30937 | Orc:2    | Entered Level 2 of the Orcish Mines
 30937 | Orc:2    | Found Zoiwn's Distillery.
 30937 | Orc:2    | Found Nyneqaer's Food Shop.
 30937 | Orc:2    | Found Peirof's Gadget Boutique.
 31153 | Orc:1    | Noticed Fannar
 31162 | Orc:1    | Killed Fannar
 31213 | Orc:1    | Noticed Gastronok
 31233 | Orc:1    | Killed Gastronok
 33031 | Orc:2    | Received a gift from Trog
 33404 | Orc:2    | Found Igrotiuc's Armour Emporium.
 33441 | Orc:2    | Reached XP level 16. HP: 67/117 MP: 7/23
 33492 | Orc:2    | Reached skill level 10 in Evocations
 33501 | Orc:2    | Bought a potion of heal wounds for 55 gold pieces
 33755 | Orc:2    | Found a staircase to the Elven Halls.
 33865 | Snake:1  | Entered Level 1 of the Snake Pit
 34354 | Snake:1  | Reached skill level 15 in Dodging
 34619 | Snake:1  | Received a gift from Trog
 35983 | Snake:2  | Noticed Aizul
 36004 | Snake:2  | Killed Aizul
 36658 | Snake:2  | Noticed a nagaraja
 36668 | Snake:2  | Killed a nagaraja
 37346 | Snake:3  | Noticed a nagaraja
 37362 | Snake:3  | Killed a nagaraja
 37702 | Snake:3  | Received a gift from Trog
 37720 | Snake:3  | Reached skill level 16 in Dodging
 37781 | Snake:3  | Found a shadowy altar of Dithmenos.
 38585 | Snake:3  | Noticed a nagaraja
 38824 | Snake:3  | Killed a nagaraja
 39024 | Snake:3  | Reached skill level 15 in Fighting
 39024 | Snake:3  | Reached XP level 17. HP: 107/127 MP: 8/24
 40024 | Snake:3  | HP: 4/127 [naga sharpshooter/arrow (28)]
 40648 | Snake:3  | Received a gift from Trog
 40831 | Snake:4  | Entered Level 4 of the Snake Pit
 41893 | Snake:4  | Reached skill level 17 in Dodging
 42674 | Snake:4  | Received a gift from Trog
 42786 | Snake:4  | Found an iron altar of Okawaru.
 43552 | Snake:4  | Killed from afar by a nagaraja

Levels and vault maps discovered:
D:1:      erik_arrival_triangle_large, layout_basic,
          chequers_serial_rivers_micro_d
D:2:      kennysheep_six_static_rooms, layout_basic, trog_book
D:3:      minmay_chambers_of_threes, layout_loops_cross,
          nicolae_ashenzari_panopticon, uniq_ijyb, uniq_crazy_yiuf_cottage,
          uniq_natasha
D:4:      layout_layer_cave
D:5:      layout_basic, minmay_temple_entry_nine_rooms,
          ebering_ghost_rock_garden, first_ration, uniq_eustachio, uniq_grinder
D:6:      layout_layer_cave, chequers_temple_overflow_statue_of_worship,
          serial_shops, kennysheep_mini_moat, dk_yredelemnul_ordeal
D:7:      layout_rooms, nemelex_xobeh_ov_fountains_minmay, grunt_ogre_cave,
          minmay_splitting_lines
D:8:      layout_basic
D:9:      layout_rooms, david_orc_2, minmay_increasing_density, uniq_pikel
D:10:     layout_roguey, grunt_lair_entry_orc_guard_hut,
          nicolae_ru_sacrificial_ziggurat
D:11:     layout_roguey, serial_shops, nicolae_shop_trees, nicolae_shop_crystal,
          shop, nicolae_shop_trees, uniq_nergalle, uniq_urug
D:12:     nooodl_glass_maze, layout_irregular_city
D:13:     layout_long_grid, enter_bailey_3
D:14:     layout_stronghold, lightli_vaults_fourway_checkpoint,
          hangedman_abyss_or_decor_jellyfish_corner, serial_shops, shop
D:15:     hangedman_depths_entry_civil_slaughter, layout_basic, tso_altar,
          serial_shops, bzr_entry_safe, uniq_agnes
Lair:1:   layout_regular_city, disabler_island, minmay_lair_oklob_chamber
Lair:2:   layout_regular_city, minmay_snake_entry_six_corridors
Lair:3:   layout_cave_pods, grunt_megastairs_3
Lair:4:   layout_regular_city, shoals_dummy_entry, serial_bayou_ford_a,
          st_stairs_10
Lair:5:   layout_misc_corridors, grunt_forest_stairs_clearing
Lair:6:   minmay_lair_end_enchanted_forest, layout_loops_ring, slime_altar_1,
          st_stairs_12, uniq_snorg
Snake:1:  layout_rooms, st_stairs_9
Snake:2:  layout_cave_shapes, uniq_aizul
Snake:3:  minmay_snake_river, layout_grid_shapes, basic_altar,
          grunt_megastairs_2, serial_bayou_shore_b
Snake:4:  grunt_snake_rune_serpentine_throne, layout_misc_corridors, basic_altar
Orc:1:    layout_caves, uniq_gastronok, uniq_fannar, uniq_jorgrun
Orc:2:    st_orc_open, layout_caves

Skill      XL: |  1  2  3  4  5  6  7  8  9 10 11 12 13 14 15 16 17 |
---------------+----------------------------------------------------+-----
Stealth        | 3 4 |  4.0
Fighting       | 2 3 5 6 7 8 10 11 13 15 16 | 16.0
Dodging        | 1 3 4 5 6 8 10 11 12 13 14 16 17 | 17.5
Shields        | 3 4 5 7 10 | 10.1
Evocations     | 5 6 9 10 | 10.0
Polearms       | 5 11 13 14 | 14.0
Bows           | |  2.0
Throwing       | |  1.0
Spellcasting   | |  1.1
Air Magic      | |  4.0

Action                   |  1- 3 |  4- 6 |  7- 9 | 10-12 | 13-15 | 16-18 || total
-------------------------+-------+-------+-------+-------+-------+-------++-------
Melee: Dagger            |    94 |    67 |   264 |    76 |       |       ||   501
       Constrict         |    15 |    31 |    44 |    64 |   139 |    46 ||   339
       Tentacles         |     8 |    19 |    52 |   123 |   299 |   218 ||   719
       Hand axe          |       |    45 |       |       |       |       ||    45
       Unarmed           |       |    22 |       |       |       |       ||    22
       Trident           |       |       |       |   362 |       |       ||   362
       Demon trident     |       |       |       |    68 |  1184 |   830 ||  2082
 Fire: Hunting sling     |       |     9 |       |       |       |       ||     9
Throw: Dart              |       |     7 |       |       |       |       ||     7
 Cast: Shock             |     1 |       |       |       |       |       ||     1
Invok: Berserk           |       |       |     7 |    16 |    21 |    19 ||    63
       Trog's Hand       |       |       |     2 |     2 |     3 |     1 ||     8
       Brothers in Arms  |       |       |       |     1 |     1 |       ||     2
Evoke: Wand              |       |       |       |     6 |    14 |     9 ||    29
  Use: Potion            |     3 |     1 |       |     6 |     3 |     2 ||    15
       Scroll            |       |     4 |     9 |    17 |    14 |     2 ||    46
 Stab: Sleeping          |     8 |     1 |    16 |    40 |    30 |    13 ||   108
       Distracted        |       |       |       |     2 |     9 |     4 ||    15
       Paralysed         |       |       |       |       |       |     6 ||     6
  Eat: Chunk             |     2 |    10 |    23 |    30 |    41 |    16 ||   122
       Ration            |       |       |     1 |     5 |     6 |    10 ||    22
Armor: Skin              |    15 |    10 |     8 |    11 |     8 |     8 ||    60
Dodge: Dodged            |    56 |    73 |   190 |   253 |   414 |   335 ||  1321
Block: Buckler           |       |       |    16 |    83 |       |       ||    99
       Shield            |       |       |     2 |    43 |   541 |   434 ||  1020
       Reflection        |       |       |       |       |    55 |    47 ||   102

Table legend:
 A = Non-vault XP
 B = Vault XP
 C = Vault XP percentage of total XP
 D = Non-vault monster count
 E = Vault monster count
 F = Vault count percentage of total count
                 A         B        C        D         E       F
            +---------+---------+-------+---------+---------+-------
      Total |  137191 |   88648 |  39.3 |     600 |     247 |  29.2
            +---------+---------+-------+---------+---------+-------
        D:1 |      30 |       0 |   0.0 |      18 |       0 |   0.0
        D:2 |      37 |      18 |  32.7 |      10 |       4 |  28.6
        D:3 |     373 |     124 |  24.9 |      33 |      13 |  28.3
        D:4 |     165 |       0 |   0.0 |      18 |       0 |   0.0
        D:5 |     570 |     489 |  46.2 |      15 |       2 |  11.8
        D:6 |     534 |      36 |   6.3 |      16 |       1 |   5.9
        D:7 |     803 |     121 |  13.1 |      12 |       1 |   7.7
        D:8 |    1044 |       0 |   0.0 |      14 |       0 |   0.0
        D:9 |    1947 |    1171 |  37.6 |      39 |       8 |  17.0
       D:10 |     968 |     470 |  32.7 |      11 |       4 |  26.7
       D:11 |    2152 |     769 |  26.3 |      14 |       1 |   6.7
       D:12 |    8733 |    2559 |  22.7 |      41 |       6 |  12.8
       D:13 |    5538 |       5 |   0.1 |      15 |       4 |  21.1
       D:14 |   12340 |    7623 |  38.2 |      33 |      13 |  28.3
       D:15 |    9488 |    6564 |  40.9 |      32 |       6 |  15.8
     Lair:1 |    1046 |     409 |  28.1 |       5 |       5 |  50.0
     Lair:2 |    2838 |    2354 |  45.3 |       9 |      16 |  64.0
     Lair:3 |    6294 |       0 |   0.0 |      21 |       0 |   0.0
     Lair:4 |    1980 |     121 |   5.8 |       8 |       1 |  11.1
     Lair:5 |    4027 |    1285 |  24.2 |      15 |       9 |  37.5
     Lair:6 |    5437 |    8288 |  60.4 |      19 |      44 |  69.8
    Snake:1 |   14890 |    1448 |   8.9 |      30 |       2 |   6.2
    Snake:2 |    7645 |    2780 |  26.7 |      12 |       3 |  20.0
    Snake:3 |   27268 |    9090 |  25.0 |      53 |      23 |  30.3
    Snake:4 |   14508 |   17856 |  55.2 |      32 |      25 |  43.9
      Orc:1 |    3853 |    9015 |  70.1 |      33 |      11 |  25.0
      Orc:2 |    2683 |   12864 |  82.7 |      42 |      29 |  40.8
     Bailey |       0 |    3189 | 100.0 |       0 |      16 | 100.0
            +---------+---------+-------+---------+---------+-------
